 Dungeon Crawl Stone Soup version 0.24.0-1-gfbc8707122 (webtiles) character file.

Game seed: 17611607396364051148, levelgen mode: deterministic

6 Johnny the Digger (level 1, -2/14 HPs)
             Began as a Demigod Earth Elementalist on Oct 27, 2019.
             Slain by a goblin
             ... wielding a +2 dagger of draining
              (6 damage)
             ... on level 1 of the Dungeon.
             The game lasted 00:00:18 (158 turns).

Johnny the Digger (Demigod Earth Elementalist)       Turns: 158, Time: 00:00:19

Health: -2/14      AC:  2    Str: 11    XL:     1   Next: 60%
Magic:  4/5        EV: 12    Int: 19    God:
Gold:   0          SH:  0    Dex: 16    Spells: 2/3 levels left

rFire    . . .     SeeInvis .   (no weapon)
rCold    . . .     Gourm    .   (no shield)
rNeg     . . .     Faith    .   c - +0 robe
rPois    .         Spirit   .   (no helmet)
rElec    .         Reflect  .   (no cloak)
rCorr    .         Harm     .   (no gloves)
MR       .....                  (no boots)
Stlth    ++........             (no amulet)
HPRegen  0.04/turn              (no ring)
MPRegen  0.09/turn              (no ring)

@: lightly drained
A: high mp 1
a: no special abilities


You were on level 1 of the Dungeon.
You were not hungry.

You visited 1 branch of the dungeon, and saw 1 of its levels.

Inventory:

Missiles
 b - 25 stones (quivered)
Armour
 c - a +0 robe (worn)
Potions
 a - a potion of brilliance {unknown}
Comestibles
 d - a ration


   Skills:
 - Level 1.7(1.5) Dodging
 - Level 1.7(1.5) Stealth
 + Level 1.9(1.7) Spellcasting
   Level 0.8(0.6) Transmutations
 * Level 3.0(2.7) Earth Magic


You had 2 spell levels left.
You knew the following spells:

 Your Spells              Type           Power        Failure   Level  Hunger
a - Sandblast             Erth           ##....       5%          1    #......

Your spell library contained the following spells:

 Spells                   Type           Power        Failure   Level  Hunger
 Passwall                 Tmut/Erth      #.......     13%         2    ###....
 Stone Arrow              Conj/Erth      #.....       30%         3    ###....
 Petrify                  Tmut/Erth      #.......     65%         4    #####..
 Lee's Rapid Deconstruct  Erth           ##........   83%         5    ######.


Dungeon Overview and Level Annotations

Branches:
Dungeon (1/15)


Innate Abilities, Weirdness & Mutations

You have an increased reservoir of magic. (+10% MP)


Message History

You hit the jackal but do no damage. The jackal barely misses you.
The jackal bites you.
You closely miss the jackal.
The jackal bites you but does no damage.
The goblin completely misses you. The jackal misses you. The jackal bites you.
Casting: Sandblast (safe; 4% risk of failure)
Confirm with . or Enter, or press ? or * to list all spells.
Aiming: Sandblast (safe; 4% risk of failure)
Press: ? - help, Shift-Dir - straight line, f - jackal
Aim: a jackal The blast of sand hits the jackal.
You kill the jackal!
Your Earth Magic skill increases to level 3!
b - 25 stones The jackal closely misses you.
The goblin hits you with a +2 dagger of draining.
You feel drained. The jackal bites you.
* * * LOW HITPOINT WARNING * * *
The goblin hits you with a +2 dagger of draining.
You die...

.........##.#.#.## ...
#..........##.#.#.#.
....#...............#...
....#........†.##.#####.
..............).........
.......>.......#######
#...........#.#.....#
#...........#.#.###.#
#.†g@.......#.#.###.#
#.#.#.......#...#...#
#h#..######......##
.h#..# #........ #..#..#
###########. ...#..#
#.......# #.
##.##..###...8.8.###. #.
#..##.........##. ##
#..##........8##.


You could see 2 jackals and a goblin.

Vanquished Creatures
  A ball python (D:1)
  A hobgoblin (D:1)
  A jackal (D:1)
  A bat (D:1)
  2 kobolds (D:1)
6 creatures vanquished.

Notes
Turn   | Place    | Note
-------+----------+-------------------------------------------
     0 | D:1      | Johnny the Demigod Earth Elementalist began the quest for
                  | the Orb.
     0 | D:1      | Reached XP level 1. HP: 14/14 MP: 5/5
     6 | D:1      | Noticed a water moccasin
     6 | D:1      | Noticed a komodo dragon
     6 | D:1      | Noticed a polar bear
     6 | D:1      | Noticed a rime drake
   157 | D:1      | Reached skill level 3 in Earth Magic
   158 | D:1      | Slain by a goblin

Levels and vault maps discovered:
D:1:      onia_arrival_zoo_common, layout_basic, serial_bayou_lake_a

Skill      XL: |  1 |
---------------+----+-----
Earth Magic    | 3 |  3.0
Dodging        | |  1.7
Stealth        | |  1.7
Spellcasting   | |  1.9
Transmutations | |  0.8

Action                   || total
-------------------------++-------
Melee: Unarmed           ||     6
 Cast: Sandblast         ||     9
Armor: Robe              ||     3
Dodge: Dodged            ||    12
